 Dungeon Crawl Stone Soup version 0.31-a0-1066-g35875b34c7 (webtiles) character file.

Game seed: 1149249216287451181

242 funkygono the Firebug (level 5, -7/28 HPs)
             Began as a Deep Elf Fire Elementalist on Nov 22, 2023.
             Killed by divine providence
             ... invoked by an orc priest
              (10 damage)
             ... on level 4 of the Dungeon.
             The game lasted 00:05:07 (3263 turns).

funkygono the Firebug (Deep Elf Fire Elementalist)  Turns: 3263, Time: 00:05:08

Health: -7/28      AC:  3    Str:  5    XL:     5   Next: 81%
Magic:  7/14       EV: 13    Int: 22    God:
Gold:   144        SH:  0    Dex: 15    Spells: 2/13 levels left

rFire   . . .        c - +1 dagger (venom)
rCold   . . .        (no shield)
rNeg    . . .        a - +0 robe
rPois   .            (no helmet)
rElec   .            (no cloak)
rCorr   .            (no gloves)
SInv    .            p - +0 pair of boots
Will    .....        (no amulet)
Stlth   ++           (no ring)
HPRegen 0.24/turn    (no ring)
MPRegen 0.14/turn

%: no passive effects
@: no status effects
A: no striking features
a: no special abilities


You were on level 4 of the Dungeon.
You visited 1 branch of the dungeon, and saw 4 of its levels.

You collected 144 gold pieces.

Inventory:

Hand Weapons
 c - a +1 dagger of venom (weapon)
Armour
 a - a +0 robe (worn)
 p - a +0 pair of boots (worn)
Wands
 d - a wand of polymorph (9)
 e - a wand of paralysis (8)
Scrolls
 h - a scroll of immolation
 j - a scroll of enchant armour {unknown}
 k - a scroll of fear
 m - a scroll of teleportation
Potions
 b - a potion of magic
 f - 4 potions of lignification
 i - 2 potions of attraction
 l - a potion of invisibility {unknown}
 n - a potion of might {unknown}
 o - a potion of haste {unknown}
 q - a potion of curing {unknown}


   Skills:
 + Level 2.7 Dodging
 + Level 2.9 Stealth
 + Level 4.8 Spellcasting
 + Level 2.6 Conjurations
 + Level 5.6 Fire Magic


You had 2 spell levels left.
You knew the following spells:

 Your Spells              Type           Power      Damage    Failure   Level
a - Foxfire               Conj/Fire      92%        2x1d8     1%          1
b - Scorch                Fire           60%        2d7       1%          2
c - Inner Flame           Hex/Fire       17%        N/A       10%         3
d - Flame Wave            Conj/Fire      23%        2d8       19%         4
e - Magic Dart            Conj           64%        1d6       3%          1

Your spell library contained the following spells:

 Spells                   Type           Power      Damage    Failure   Level
 Necrotise                Necr           20%        1d5       11%         1
 Call Imp                 Summ           10%        N/A       16%         2
 Volatile Blastmotes      Fire/Tloc      34%        2d12      10%         3
 Mephitic Cloud           Conj/Pois/Air  9%         N/A       22%         3
 Frozen Ramparts          Ice            10%        1d2       30%         3
 Vampiric Draining        Necr           5%         2d6       30%         3
 Petrify                  Tmut/Erth      5%         N/A       71%         4
 Agony                    Necr           5%         N/A       96%         5
 Metabolic Englaciation   Hex/Ice        2%         N/A       96%         5


Dungeon Overview and Level Annotations

Branches:
Dungeon (4/15)
 Temple: D:4-7

Altars:

Shops:
D:2 ?


Message History

Unknown command.
Your magical effects are unravelling.
You feel magically purged.
You feel less confused.
The foxfire hits something. x2
You hear some strange, mumbled words.
A puff of flame appears from out of thin air!
The puff of flame hits you!
Casting: Foxfire (safe; 1% risk of failure)
Confirm with . or Enter, or press ? or * to list all spells.
You conjure some foxfire!
The orc priest invokes the aid of Beogh against you.
Beogh smites you!
Ouch! That really hurt!
* * * LOW HITPOINT WARNING * * *
Casting: Foxfire (safe; 1% risk of failure)
Confirm with . or Enter, or press ? or * to list all spells.
You conjure some foxfire!
The foxfire hits something but does no damage.
The foxfire hits something.
You hear some strange, mumbled words.
You are confused.
You're too confused to cast spells.
Sorry, you're not good enough to have a special ability.
Unknown command.
You're too confused to cast spells.
You barely miss something.
The foxfire hits something. x2
Reactivating autopickup.
You feel a bit more experienced.
Unknown command.
You're too confused to cast spells.
The orc priest looks satisfied for a moment.
The orc priest hits you with a +0 mace.
* * * LOW HITPOINT WARNING * * *
Your magical effects are unravelling.
You feel magically purged.
You feel less confused.
The orc priest calls down the wrath of Beogh upon you.
Beogh smites you!
You die...

#.# #### #<#
...
#.####.####.
#.#......o..
#.##.#.#
#.##.#)#
#.##'#.#
#.#..o.#
#.#..@.#
#.#....#
#.#....#
#######.##'#.#
...........#.#
...####.#..#.#
#....#.#
...#.##.#
##..#.##.#


You could see an orc priest.

Vanquished Creatures
  Jessica (D:2)
  Natasha (thrice) (D:2)
  2 orc wizards (D:4)
  3 adders
  3 worms (D:2)
  An orc (D:3)
  8 ball pythons
  6 endoplasms
  2 giant cockroaches
  7 goblins
  A hobgoblin (D:3)
  6 jackals (D:3)
  5 bats
  A frilled lizard (D:1)
  5 kobolds
  7 rats
61 creatures vanquished.

Vanquished Creatures (others)
  171 foxfires
171 creatures vanquished.

Grand Total: 232 creatures vanquished

Notes
Turn   | Place    | Note
-------+----------+-------------------------------------------
     0 | D:1      | funkygono the Deep Elf Fire Elementalist began the quest
                  | for the Orb.
     0 | D:1      | Reached XP level 1. HP: 10/10 MP: 6/6
   336 | D:1      | Reached XP level 2. HP: 12/15 MP: 8/8
   372 | D:1      | Learned a level 2 spell: Scorch
   612 | D:2      | Noticed Jessica
   614 | D:2      | Killed Jessica
   615 | D:2      | Reached skill level 4 in Fire Magic
   615 | D:2      | Reached XP level 3. HP: 19/19 MP: 5/9
   619 | D:2      | Learned a level 3 spell: Inner Flame
   989 | D:2      | Found Qibot's Magic Scroll Shop.
  1187 | D:2      | Noticed Natasha
  1191 | D:2      | Killed Natasha
  1192 | D:2      | Reached XP level 4. HP: 24/24 MP: 4/12
  2016 | D:2      | Noticed Natasha
  2020 | D:2      | Killed Natasha
  2269 | D:2      | Noticed Natasha
  2275 | D:2      | Killed Natasha
  2276 | D:2      | Reached skill level 5 in Fire Magic
  2276 | D:2      | Reached XP level 5. HP: 26/28 MP: 6/13
  2410 | D:3      | Learned a level 4 spell: Flame Wave
  3231 | D:4      | Learned a level 1 spell: Magic Dart
  3263 | D:4      | Killed from afar by an orc priest

Illustrated notes

Levels and vault maps discovered:
D:1:      giann_horns, layout_rooms
D:2:      layout_basic, serial_shops, shop, minmay_liquid_box, uniq_jessica,
          uniq_natasha
D:3:      layout_basic
D:4:      layout_basic, minmay_temple_entry_stoned_glass, serial_shops,
          shop_statue, nicolae_shop_hallway_stairs,
          nicolae_shop_advertising_works [nicolae_subvault_shop_adworks],
          uniq_sigmund

Skill      XL: |  1  2  3  4 |
---------------+-------------+-----
Fire Magic     | 4 5 |  5.6
Spellcasting   | 4 |  4.8
Conjurations   | 2 |  2.6
Dodging        | |  2.7
Stealth        | |  2.9

Action                     |  1- 3 |  4- 6 || total
---------------------------+-------+-------++-------
  Melee: Dagger            |     9 |     8 ||    17
         Unarmed           |     1 |       ||     1
   Cast: Foxfire           |    36 |    61 ||    97
         Scorch            |     5 |     9 ||    14
    Use: Scroll            |     2 |     7 ||     9
         Potion            |       |     2 ||     2
 Armour: Robe              |    12 |     5 ||    17
  Dodge: Dodged            |     7 |     3 ||    10

Table legend: (Time is in decaauts)
 A = Elapsed time spent in this place.
 B = Non-inter-level travel time spent in this place.
 C = Inter-level travel time spent in this place.
 D = Time resting spent in this place.
 E = Time spent auto-exploring this place.
 F = Levels seen in this place.
 G = Mean time per level.
                   A        B        C        D        E       F      G
               +--------+--------+--------+--------+--------+-----+--------+
         Total |   3268 |   3179 |     89 |     40 |   2406 |   4 |  817.0 |
       Dungeon |   3268 |   3179 |     89 |     40 |   2406 |   4 |  817.0 |
               +--------+--------+--------+--------+--------+-----+--------+

Top non-repeatable levels by time:
     D:2: 1693 daAuts
     D:3: 923 daAuts
     D:1: 598 daAuts
     D:4: 53 daAuts
